 Dungeon Crawl Stone Soup version 0.18-a0-455-gc7d4c65 (webtiles) character file.

10 Duffy the Chucker (level 2, 29/29 HPs)
             Began as an Ogre Hunter on Dec 1, 2015.
             Quit the game on level 1 of the Dungeon.
             The game lasted 00:00:38 (680 turns).

Duffy the Chucker (Ogre Hunter)                      Turns: 680, Time: 00:00:38

Health: 29/29      AC:  3    Str: 16    XL:     2   Next: 20%
Magic:  2/2        EV: 10    Int: 10    God:
Gold:   26         SH:  0    Dex: 10    Spells: 0 memorised, 1 level left

rFire  . . .     SeeInvis .     a - +0 short sword
rCold  . . .     Clarity  .     b - +0 robe
rNeg   . . .     SustAt   .     (no shield)
rPois  .         Gourm    .     (helmet restricted)
rElec  .         Spirit   .     (no cloak)
rCorr  .         Dsmss    .     (gloves unavailable)
rMut   .         Stasis   .     (boots unavailable)
MR     .....                    (no amulet)
Stlth  ++........               (no ring)
                                i - ring of stealth

@: not resistant to hostile enchantments, unstealthy
A: unfitting armour, tough skin 1
a: no special abilities


You were on level 1 of the Dungeon.
You were not hungry.

You visited 1 branch of the dungeon, and saw 1 of its levels.

You collected 26 gold pieces.


Innate Abilities, Weirdness & Mutations

You are too large for most types of armour.
You have tough skin (AC +1).


   Skills:
 - Level 2.6 Fighting
 + Level 4.5 Throwing
 - Level 1.7 Dodging
 - Level 0.7 Stealth


You had one spell level left.
You didn't know any spells.

Inventory:

Hand Weapons
 a - a +0 short sword (weapon)
Missiles
 c - 5 large rocks (quivered)
 d - 2 throwing nets
Armour
 b - a +0 robe (worn)
Jewellery
 i - a ring of stealth (left hand)
Scrolls
 g - a scroll of remove curse {unknown}
 h - a scroll of teleportation {unknown}
Potions
 f - a potion of heal wounds {unknown}
 j - a potion of curing {unknown}
 k - a potion of might {unknown}
Comestibles
 e - a bread ration
 l - a meat ration

Dungeon Overview and Level Annotations

Branches:
Dungeon (1/15)

Altars:


Message History

k - a metallic golden potion
There is a stone staircase leading down here.
You see here a bat corpse.
You see here a ring mail.
You now have 26 gold pieces (gained 5).
A giant cockroach comes into view.
A giant cockroach is nearby!
The helpless giant cockroach fails to defend itself.
You hit the giant cockroach.
The giant cockroach is lightly wounded.
The giant cockroach barely misses you. The giant cockroach closely misses you.
You hit the giant cockroach but do no damage.
The giant cockroach is lightly wounded.
The giant cockroach completely misses you.
You hit the giant cockroach.
The giant cockroach is severely wounded.
The giant cockroach bites you but does no damage.
You hit the giant cockroach.
You kill the giant cockroach!
No target in view!
No target in view!
No target in view!
No target in view!
No target in view!
No target in view!
No target in view!
No target in view!
l - a meat ration As you open the door, it creaks loudly!
Found a stone staircase leading down.
There is an open door here.
There is an open door here.
Found 27 sling bullets.
A rat comes into view.
Are you sure you want to abandon this character and quit the game? (Confirm with "yes".)

.. #.##
#.#.#..## #.## .
.... ..# #.##
.#.#.#(#..##
#.## ..........#
#.## .#r#.#.#..#
#.## ..........#
#... .#.#.#.#..#
###. .......@#.#
#. #.#.#.#.#.#
#. .. .##.# ##
#.# #.
#.##############
.. .#
#..............#
# ##
#########......#
#......#
#......#
#......#


You could see a rat.

Action                   || total
-------------------------++-------
Melee: Short sword       ||    42
 Stab: Sleeping          ||     1

Notes
Turn   | Place    | Note
--------------------------------------------------------------
     0 | D:1      | Duffy the Ogre Hunter began the quest for the Orb.
     0 | D:1      | Reached XP level 1. HP: 22/22 MP: 1/1
     1 | D:1      | Noticed a human skeleton
     5 | D:1      | Noticed a merfolk skeleton
     6 | D:1      | Noticed a vine stalker skeleton
     8 | D:1      | Noticed an octopode zombie
    13 | D:1      | Noticed a felid
    16 | D:1      | Noticed a centaur skeleton
    16 | D:1      | Noticed a troll
    18 | D:1      | Noticed a formicid zombie
    20 | D:1      | Noticed a human
   463 | D:1      | Reached XP level 2. HP: 27/29 MP: 2/2
   680 | D:1      | Quit the game

Vault maps used:
D:1:      shiori_arrival_whats_in_store_for_you, hex_medium

Vanquished Creatures
  3 bats
  A giant cockroach
  2 hobgoblins
  2 giant newts
  A goblin
  A rat
10 creatures vanquished.
